 Dungeon Crawl Stone Soup version 0.22-a0-799-g88f5e90 (webtiles) character file.

1448 Amnesiac the Digger (level 8, -8/52 HPs)
             Began as a Mummy Earth Elementalist on July 21, 2018.
             Was an Initiate of Gozag.
             Mangled by KlownO's ghost (14 damage)
             ... on level 5 of the Dungeon.
             The game lasted 00:12:55 (6703 turns).

Amnesiac the Digger (Mummy Earth Elementalist)      Turns: 6703, Time: 00:12:56

Health: -8/52      AC:  4    Str: 12    XL:     8   Next: 46%
Magic:  10/19      EV: 17    Int: 19    God:    Gozag
Gold:   505        SH:  0    Dex: 17    Spells: 7/22 levels left

rFire    + . .     SeeInvis .   b - +1 dagger (speed)
rCold    + . .     Gourm    .   (no shield)
rNeg     + + +     Faith    .   g - +0 robe of Onnixky {rF++ Int+3}
rPois    ∞         Spirit   .   q - +1 helmet
rElec    .         Reflect  .   (no cloak)
rCorr    .         Harm     .   (no gloves)
MR       +....                  (no boots)
Stlth    +++.......             (no amulet)
HPRegen  0.17/turn              (no ring)
MPRegen  0.16/turn              (no ring)

@: agile, flying, hasted, very quick
A: no food or potions, fire vulnerability, cold resistance 1, negative energy
resistance 3, torment resistance, unbreathing
a: Potion Petition, Call Merchant, Bribe Branch, Renounce Religion


You were on level 5 of the Dungeon.
You worshipped Gozag.
Gozag was pleased with you.
You were not hungry.

You visited 2 branches of the dungeon, and saw 7 of its levels.

You collected 578 gold pieces.
You paid 73 gold pieces to Gozag.

Inventory:

Hand Weapons
 a - a +4 hunting sling
 b - a +1 dagger of speed (weapon)
 f - a +2 flail of protection
Missiles
 c - 43 sling bullets
 k - 55 stones (quivered)
Armour
 g - the +0 robe of Onnixky (worn) {rF++ Int+3}
   (You found it on level 5 of the Dungeon)

   It affects your intelligence (+3).
   It greatly protects you from fire.
 q - a +1 helmet (worn)
Wands
 h - a wand of digging (11)
 i - a wand of paralysis (14)
 o - a wand of flame (27)
Scrolls
 d - 2 scrolls of magic mapping {!r}
 e - 3 scrolls of teleportation {!r}
 j - a scroll of fear {!r}
 l - a scroll of noise {!r}
 m - a scroll of identify {!r}
 p - a scroll of immolation {!r}
 r - a scroll of amnesia {!r}


   Skills:
 - Level 1.5 Dodging
 - Level 1.5 Stealth
 + Level 7.6 Spellcasting
 - Level 0.7 Transmutations
 * Level 7.7 Earth Magic


You had 7 spell levels left.
You knew the following spells:

 Your Spells              Type           Power        Failure   Level  Hunger
a - Stone Arrow           Conj/Erth      ###...       6%          3    N/A
b - Passwall              Tmut/Erth      ###.....     2%          2    N/A
c - Sandblast             Erth           #####.       1%          1    N/A
d - Lee's Rapid Deconstr  Erth           #####.....   11%         5    N/A
e - Petrify               Tmut/Erth      ###.....     17%         4    N/A

Your spell library contained the following spells:

 Spells                   Type           Power        Failure   Level  Hunger


Dungeon Overview and Level Annotations

Branches:
Dungeon (6/15)             Temple (1/1) D:6

Altars:
Ashenzari
Dithmenos
Elyvilon
Gozag
Hepliaklqana
Makhleb
Okawaru
Qazlal
Ru
Sif Muna
Trog
Uskayaw
Xom
Yredelemnul
The Shining One

Annotations:
D:5 KlownO's ghost, novice MiFi


Innate Abilities, Weirdness & Mutations

You do not eat or drink.
Your flesh is vulnerable to fire.
You are immune to poison.
Your flesh is cold resistant. (rC+)
You are immune to negative energy. (rN+++)
You are immune to unholy pain and torment.
You can survive without breathing.


Message History

Partly explored, can't reach some items.
Partly explored, can't reach some items.
There is a stone staircase leading down here.
You see here a ration.
You see here a falchion.
There is an open door here.
KlownO's ghost turns its malevolent gaze towards you.
You open the door.
Casting: Sandblast (safe; 1% risk of failure)
Confirm with . or Enter, or press ? or * to list all spells.
Aiming: Lee's Rapid Deconstruction (slightly dangerous; 11% risk of failure)
Press: ? - help, Dir - move target cursor, f - KlownO's ghost Fragment what (e.g. wall or brittle monster)?: KlownO's ghost An open door.
Okay, then.
Press: ? - help, v - describe, . - travel The floor.
Unknown command.
KlownO's ghost screams, "Don't try to defend!
You have no chance!"
KlownO's ghost hits you!
You open the door. KlownO's ghost misses you.
There is an open door here.
Adjust (i)tems, (s)pells, or (a)bilities?
Adjust which spell? c - Stone Arrow Adjust to which letter? a - Stone Arrow; c - Sandblast
Casting: Lee's Rapid Deconstruction (slightly dangerous; 11% risk of failure)
Confirm with . or Enter, or press ? or * to list all spells.
Aiming: Stone Arrow (safe; 6% risk of failure)
Press: ? - help, Shift-Dir - straight line, f - KlownO's ghost
Aim: KlownO's ghost The stone arrow hits KlownO's ghost.
KlownO's ghost is lightly damaged.
KlownO's ghost hits you!
* * * LOW HITPOINT WARNING * * *
Casting: Stone Arrow (safe; 6% risk of failure)
Confirm with . or Enter, or press ? or * to list all spells.
Aiming: Stone Arrow (safe; 6% risk of failure)
Press: ? - help, Shift-Dir - straight line, f/p - KlownO's ghost
Aim: KlownO's ghost (lightly damaged)
The stone arrow hits KlownO's ghost.
KlownO's ghost is moderately damaged.
KlownO's ghost mumbles, "They all look like pillowcases to me..."
KlownO's ghost hits you!
* * * LOW HITPOINT WARNING * * *
Casting: Stone Arrow (safe; 6% risk of failure)
Confirm with . or Enter, or press ? or * to list all spells.
Aiming: Stone Arrow (safe; 6% risk of failure)
Press: ? - help, Shift-Dir - straight line, f/p - KlownO's ghost
Aim: KlownO's ghost (moderately damaged)
The stone arrow hits KlownO's ghost.
KlownO's ghost is heavily damaged.
KlownO's ghost hits you!
* * * LOW HITPOINT WARNING * * *
[a] - 0 gold - haste, agility and flight [b] - 0 gold - haste and brilliance [c] - 0 gold - resistance and flight Purchase which effect?
You feel yourself speed up.
You feel agile all of a sudden.
You feel very buoyant.
You fly up into the air.
KlownO's ghost hits you!
You die...
Your body crumbles into a pile of gold.

.#########.#####.#.#.# #.#.######
.# #.#.........# #.#.#.†... .#
#####'#.........# #.#.#.####
.#####...............###.#.#.#
...................#.#...#.#.#
.#####.............#.#.###.#.# .#
###########...).........# .#
#####...#######...###.#.#
######.......'.W@..........#.####
.....#..##...########...##.#.....
/≈≈≈≈'..##...########...##.#....#
.....#.###...'.....###..##.####.#
######.# #...#####.# #.....####.#
##.# #.# #...# #.# #...........
.#.# #.###...# #)###.....######
.#.# #.....#.# #..%..#.........
.#.#######.#.#########.#....#####


You could see KlownO's ghost.

Vanquished Creatures
  Prince Ribbit (D:5)
  Menkaure (D:6)
  Edmund (D:5)
  An ice beast (D:6)
  2 phantoms
  2 ogres
  A centaur (D:3)
  2 scorpions (D:5)
  A jelly (D:6)
  A bullfrog skeleton (D:6)
  4 hounds
  A centaur skeleton (D:4)
  An orc wizard (D:5)
  A hound skeleton (D:4)
  8 adders
  An ooze (D:1)
  2 worms
  3 dart slugs
  2 leopard geckos (D:5)
  12 orcs
  3 bats
  3 giant cockroaches
  9 goblins
  11 hobgoblins
  7 jackals
  2 quokkas
  3 ball pythons
  3 frilled lizards
  14 kobolds
  A quokka skeleton (D:4)
  12 rats
116 creatures vanquished.

Vanquished Creatures (others)
  A bullfrog (D:6)
1 creature vanquished.

Grand Total: 117 creatures vanquished

Notes
Turn   | Place    | Note
-------+----------+-------------------------------------------
     0 | D:1      | Amnesiac the Mummy Earth Elementalist began the quest for the Orb.
     0 | D:1      | Reached XP level 1. HP: 13/13 MP: 4/4
   279 | D:1      | Reached XP level 2. HP: 19/19 MP: 3/5
   283 | D:1      | Learned a level 2 spell: Passwall
   593 | D:2      | Reached XP level 3. HP: 24/24 MP: 7/7
   598 | D:2      | Learned a level 3 spell: Stone Arrow
  1027 | D:4      | Reached XP level 4. HP: 30/30 MP: 4/9
  1033 | D:4      | Learned a level 4 spell: Petrify
  1145 | D:4      | Noticed an ogre
  1155 | D:4      | Killed an ogre
  1155 | D:4      | Reached XP level 5. HP: 33/35 MP: 5/11
  2119 | D:5      | Entered Level 5 of the Dungeon
  2134 | D:5      | Reached XP level 6. HP: 40/41 MP: 8/13
  2200 | D:5      | Noticed Prince Ribbit
  2206 | D:5      | Killed Prince Ribbit
  2206 | D:5      | Reached skill level 5 in Spellcasting
  2206 | D:5      | Reached skill level 5 in Earth Magic
  2379 | D:5      | Learned a level 5 spell: Lee's Rapid Deconstruction
  2519 | D:5      | Found a sacrificial altar of Ru.
  2519 | D:5      | Found a hazy altar of Hepliaklqana.
  2573 | D:5      | Reached XP level 7. HP: 36/46 MP: 7/15
  2647 | D:5      | Found a runed door.
  2650 | D:5      | Noticed KlownO's ghost (novice MiFi)
  2956 | D:5      | Noticed Edmund
  2994 | D:5      | Killed Edmund
  3191 | D:5      | Got a fine robe
  3326 | D:6      | Reached XP level 8. HP: 52/52 MP: 1/18
  3490 | D:6      | Noticed Menkaure
  3496 | D:6      | Killed Menkaure
  3565 | D:6      | Found a glowing golden altar of the Shining One.
  3621 | D:6      | Found a staircase to the Ecumenical Temple.
  3630 | Temple   | Entered the Ecumenical Temple
  4070 | Temple   | Became a worshipper of Gozag Ym Sagoz the Greedy
  5157 | D:2      | Identified the +0 robe of Onnixky {rF++ Int+3} (You found it on level 5 of the Dungeon)
  6703 | D:5      | Mangled by KlownO's ghost

Vault maps used:
D:1:      lightli_arrival_windingriver
D:5:      gammafunk_temple_overflow_elements, ebering_ghost_reflecting_pool,
          first_ration, uniq_prince_ribbit1, uniq_edmund
D:6:      kennysheep_mini, lemuel_temple_firewalk_b, uniq_menkaure
Temple:   minmay_temple_forest_path

Skill      XL: |  1  2  3  4  5  6  7  8 |
---------------+-------------------------+-----
Earth Magic    | 3 4 5 6 7 |  7.7
Spellcasting   | 3 4 5 6 7 |  7.6
Dodging        | |  1.5
Stealth        | |  1.5
Transmutations | |  0.7

Action                   |  1- 3 |  4- 6 |  7- 9 || total
-------------------------+-------+-------+-------++-------
Melee: Unarmed           |     8 |       |       ||     8
       Club              |    20 |       |       ||    20
       Dagger            |    21 |    23 |       ||    44
       Flail             |       |    50 |   239 ||   289
 Cast: Sandblast         |    16 |    31 |    28 ||    75
       Stone Arrow       |       |     3 |    14 ||    17
       Passwall          |       |     1 |       ||     1
Invok: Potion Petition   |       |       |     1 ||     1
  Use: Scroll            |       |     1 |     6 ||     7
 Stab: Sleeping          |     2 |     1 |     6 ||     9
       Distracted        |       |     1 |     1 ||     2
Armor: Robe              |     4 |    18 |    71 ||    93
Dodge: Dodged            |    23 |    60 |   174 ||   257

Table legend:
 A = Spawn XP
 B = Non-spawn XP
 C = Spawn XP percentage of total XP
 D = Spawn monster count
 E = Non-spawn monster count
 F = Spawn count percentage of total count
 G = Total turns spent on level
                    A         B        C        D         E        F      G
               +---------+---------+-------+---------+---------+-------+---------
         Total |       0 |    2069 |   0.0 |       0 |     116 |   0.0 |  6703
               +---------+---------+-------+---------+---------+-------+---------
           D:1 |       0 |      38 |   0.0 |       0 |      19 |   0.0 |  1030
           D:2 |       0 |      97 |   0.0 |       0 |      29 |   0.0 |  1056
           D:3 |       0 |     203 |   0.0 |       0 |      31 |   0.0 |  1027
           D:4 |       0 |     281 |   0.0 |       0 |      15 |   0.0 |  1391
           D:5 |       0 |     842 |   0.0 |       0 |      14 |   0.0 |  1313
           D:6 |       0 |     608 |   0.0 |       0 |       8 |   0.0 |   390
               +---------+---------+-------+---------+---------+-------+---------
